 Dungeon Crawl Stone Soup version 0.31-a0-234-gad7ace16ef (webtiles) character file.

Game seed: 17174339383322269861

17679 Nattfarinn the Skirmisher (level 12, -8/91 HPs)
             Began as a Djinni Venom Mage on July 10, 2023.
             Was an Elder of Makhleb.
             Mangled by an orc knight
             ... wielding a +3 dire flail
              (10 damage)
             ... on level 1 of the Orcish Mines.
             The game lasted 00:42:06 (15275 turns).

Nattfarinn the Skirmisher (Djinni Venom Mage)      Turns: 15275, Time: 00:42:07

Health: -8/91      AC: 10    Str: 17    XL:     12   Next: 85%
Gold:   1394       EV: 17    Int: 18    God:    Makhleb [****..] SH:  0 Dex: 16

rFire   + + +        b - +8 rapier of Baops {protect, rF+ Will+ Str+3}
rCold   . . .        (no shield)
rNeg    . . .        G - +0 steam dragon scales
rPois   ∞            N - +2 hat
rElec   .            z - +0 cloak
rCorr   .            c - +1 pair of gloves
SInv    .            (boots unavailable)
Will    ++...        (no amulet)
Stlth   ++           I - +5 ring of evasion
HPRegen 0.35/turn    E - ring of Beyruyno {rC+ Str+7 Dex-2}
MPRegen 0.00/turn

%: infuse magic (-9 HP)
@: flying
A: sickness immunity, fire resistance 2, cold vulnerability 1, float, innate
caster, HP casting, extra vitality 1
a: Renounce Religion, Minor Destruction, Lesser Servant of Makhleb, Major
Destruction


You were on level 1 of the Orcish Mines.
You worshipped Makhleb.
Makhleb was greatly pleased with you.
You visited 3 branches of the dungeon, and saw 15 of its levels.
You also visited: Ossuary.

You collected 1471 gold pieces.
You spent 77 gold pieces at shops.

Inventory:

Hand Weapons
 a - a +2 orcbow of freezing
 b - the +8 rapier of Baops (weapon) {protect, rF+ Will+ Str+3}
   (You found it on level 2 of the Dungeon)

   Str:       It affects your strength (+3).
   rF:        It protects you from fire.
   Will:      It increases your willpower.
Missiles
 f - 4 throwing nets
Armour
 c - a +1 pair of gloves (worn)
 z - a +0 cloak (worn)
 C - a +0 robe
 G - +0 steam dragon scales (worn)
 N - a +2 hat (worn)
Magical Staves
 i - a staff of death
 k - a staff of poison
Jewellery
 d - a ring of resist corrosion
 e - the amulet "Diygei" {Harm Regen+ Str+3}
   (You found it on level 10 of the Dungeon)

   [amulet of regeneration]

   Str:       It affects your strength (+3).
   Regen:     It increases your rate of health regeneration.
   Harm:      It increases damage dealt and taken.
 E - the ring of Beyruyno (right hand) {rC+ Str+7 Dex-2}
   (You acquired it on level 6 of the Dungeon)

   [ring of protection from cold]

   Str:       It affects your strength (+7).
   Dex:       It affects your dexterity (-2).
   rC:        It protects you from cold.
 I - a +5 ring of evasion (left hand)
Wands
 q - a wand of polymorph (4)
 r - a wand of quicksilver (3)
 s - a wand of mindburst (11)
 v - a wand of flame (27)
 K - a wand of paralysis (4)
 P - a wand of iceblast (5)
Scrolls
 g - a scroll of torment
 j - a scroll of fear
 o - 3 scrolls of blinking
 p - a scroll of butterflies
 t - 6 scrolls of revelation
 y - a scroll of poison
 F - 2 scrolls of fog
 M - a scroll of immolation
Potions
 h - 2 potions of mutation
 l - 3 potions of enlightenment
 m - 3 potions of curing
 n - a potion of degeneration {unknown}
 u - a potion of cancellation {unknown}
 w - 6 potions of haste
 x - 3 potions of lignification {unknown}
 A - 3 potions of berserk rage
 B - 2 potions of attraction {unknown}
 D - a potion of resistance {unknown}
 H - a potion of heal wounds {unknown}
 J - 2 potions of might
 L - a potion of brilliance {unknown}


   Skills:
 - Level 10.3 Fighting
 - Level 7.5 Short Blades
 - Level 10.4 Ranged Weapons
 - Level 2.1 Dodging
 - Level 1.5 Stealth
 + Level 7.7 Spellcasting
 + Level 7.7 Conjurations
 + Level 7.7 Hexes
   Level 0.0 Charms
 + Level 7.7 Summonings
 + Level 7.7 Necromancy
 + Level 7.7 Translocations
 + Level 7.7 Transmutations
 + Level 7.7 Fire Magic
 + Level 7.7 Ice Magic
 + Level 7.7 Air Magic
 + Level 7.7 Earth Magic
 + Level 7.7 Poison Magic


You knew the following spells:

 Your Spells              Type           Power      Damage    Failure   Level
a - Sting                 Tmut/Pois      100%       1d8       1%          1
b - Poisonous Vapours     Pois/Air       68%        N/A       1%          2
c - Mephitic Cloud        Conj/Pois/Air  34%        N/A       1%          3
d - Olgreb's Toxic Radia  Pois           34%        N/A       4%          4
e - Sandblast             Erth           68%        2d15      1%          1
f - Momentum Strike       Conj/Tloc      68%        3d9       1%          2
g - Call Canine Familiar  Summ           34%        N/A       1%          3
h - Airstrike             Air            17%        2d(3-19)  4%          4
i - Anguish               Hex/Necr       17%        N/A       4%          4
Your spell library was empty.

Dungeon Overview and Level Annotations

Branches:
Dungeon (12/15)            Temple (1/1) D:5            Lair (0/5) D:10
    Orc (2/2) D:10            Elf (0/3) Orc:2       Ossuary (visited)

Altars:
Ashenzari
Cheibriados
Dithmenos
Elyvilon
Fedhas
Gozag
Hepliaklqana
Makhleb
Nemelex Xobeh
Okawaru
Qazlal
Ru
Trog
Uskayaw
Wu Jian
Xom
Yredelemnul
Zin
The Shining One

Shops:
D:6 =   D:9 ?

Annotations:
D:3 2 transporters, soonmide's ghost, amateur DsGl
D:4 2 transporters, Tyrantos's ghost, amateur HuMo
D:6 2 transporters, Beaer's ghost, novice HOFi


Innate Abilities, Weirdness & Mutations

You are immune to sickness and miasma.
You are immune to poison.
Your flesh is very heat resistant. (rF++)
You are vulnerable to cold. (rC-)
You float through the air rather than walking.
You learn spells naturally, not from books.
Your magical power is your life essence.
You have superior vitality. (+4 MHP)


Message History

There is a stone staircase leading up here.
Unknown command.
Unknown command.
The orc knight completely misses you.
You fly upwards.
There is a stone staircase leading down here.
The air twists around and strikes the orc knight!!
The orc knight is moderately wounded.
The orc knight hits you with a +3 dire flail!!
The air twists around and strikes the orc knight.
The orc knight is moderately wounded.
The orc knight closely misses you.
The air twists around and strikes the orc knight!
The orc knight is heavily wounded.
The orc knight hits you with a +3 dire flail!
The air twists around and strikes the orc knight!!
The orc knight is severely wounded.
The orc knight hits you with a +3 dire flail!
* * * LOW HITPOINT WARNING * * *
You are too injured to fight recklessly!
Casting: Airstrike (dangerous; 4% risk of failure)
Confirm with . or Enter, or press ? or * to list all spells.
Aiming: Airstrike (dangerous; 4% risk of failure)
Press: ? - help, Dir - move target, f/p - orc knight
Aim: an orc knight, wielding a +3 dire flail and wearing a +0 chain mail (severely wounded, strong, empty space bonus: 7/8)
The air twists around and strikes the orc knight.
The orc knight is almost dead.
* * * LOW HITPOINT WARNING * * *
The orc knight hits you with a +3 dire flail!
* * * LOW HITPOINT WARNING * * *
Casting: Airstrike (dangerous; 4% risk of failure)
Confirm with . or Enter, or press ? or * to list all spells.
Aiming: Airstrike (dangerous; 4% risk of failure)
Press: ? - help, Dir - move target, f/p - orc knight
Aim: an orc knight, wielding a +3 dire flail and wearing a +0 chain mail (almost dead, strong, empty space bonus: 7/8)
The air twists around and strikes the orc knight.
The orc knight is almost dead.
* * * LOW HITPOINT WARNING * * *
The orc knight hits you with a +3 dire flail!
You die...

###### ####### ###
.#.#.####.#...#######.##
......#........#.##....#
......................##
......#.##..........#####
.....##.##.^.......#.##.##
.........##..#.o.......>.#
........###.....@....#..##
.......## #........##...####
......#####.........##.##..##
...#...#.#..............)...#
..#...#............).[.....##
.....#............##.[.[...#
.........#........###.....##
.....#[....##......#....###
......#.....#.#....##..##


You could see an orc knight (strong).

Vanquished Creatures
  Harold (D:9)
  Erica (D:9)
  2 two-headed ogres
  2 orc high priests
  Pikel (D:9)
  2 orc knights (Orc:2)
  2 orc sorcerers
  A guardian serpent (D:11)
  Maggie (D:6)
  4 kobold demonologists (D:11)
  An efreet (D:11)
  4 trolls
  A hornet (D:10)
  Prince Ribbit (D:7)
  A wraith (D:7)
  A shadow (D:11)
  3 steam dragons
  An acid dragon (D:10)
  3 wargs
  2 water moccasins
  15 orc warriors
  4 ice beasts
  2 black bears
  3 ogres
  6 wolves (D:10)
  A centaur (D:11)
  2 lemures (D:9)
  A phantom (D:4)
  2 kobold brigands
  Blork the orc (D:6)
  5 bullfrogs
  7 scorpions
  A gnoll sergeant (D:11)
  4 wights
  18 killer bees
  6 howler monkeys
  2 electric eels (D:10)
  A jelly (D:3)
  3 hounds
  Crazy Yiuf (D:7)
  13 orc priests
  A gnoll bouda (D:4)
  A human zombie (Ossuary)
  2 sleepcaps
  5 iguanas
  20 orc wizards
  A scorpion zombie (Ossuary)
  A mummy (Ossuary)
  9 gnolls
  11 adders
  A shadow imp (D:8)
  An ufetubus (D:7)
  2 dart slugs
  58 orcs
  3 bats
  7 endoplasms
  4 goblins
  8 hobgoblins
  6 quokkas
  14 ball pythons
  2 frilled lizards (D:2)
  4 gnoll zombies (Ossuary)
  2 goblin zombies (Ossuary)
  3 hobgoblin zombies (Ossuary)
  17 kobolds
  A kobold zombie (Ossuary)
  4 orc zombies (Ossuary)
  5 rats
326 creatures vanquished.

Vanquished Creatures (collateral kills)
  A troll (D:10)
  Sigmund (D:6)
  An ogre (D:6)
  A centaur (D:6)
  A scorpion (Ossuary)
  2 wights (D:7)
  A centaur zombie (Ossuary)
  A hound (D:7)
  2 scorpion zombies (Ossuary)
  2 mummies (Ossuary)
  An orc (D:7)
  A gnoll zombie (Ossuary)
15 creatures vanquished.

Vanquished Creatures (others)
  An orc wizard (D:11)
1 creature vanquished.

Grand Total: 342 creatures vanquished

Notes
Turn   | Place    | Note
-------+----------+-------------------------------------------
     0 | D:1      | Nattfarinn the Djinni Venom Mage began the quest for the
                  | Orb.
     0 | D:1      | Nattfarinn set off with the following spells memorised:
                  | Sting, Poisonous Vapours, Mephitic Cloud, Olgreb's Toxic
                  | Radiance.
     0 | D:1      | Reached XP level 1. HP: 15/15 MP: 0/0
   169 | D:1      | Reached skill level 1 in Fighting
   169 | D:1      | Reached XP level 2. HP: 20/22 MP: 0/0
   817 | D:2      | Reached XP level 3. HP: 27/28 MP: 0/0
   817 | D:2      | Learned a level 1 spell: Sandblast
  1035 | D:2      | Identified the +8 rapier of Baops {protect, rF+ Will+
                  | Str+3}
  1241 | D:2      | Reached XP level 4. HP: 29/34 MP: 0/0
  1858 | D:3      | Found a snail-covered altar of Cheibriados.
  1881 | D:3      | Found a blossoming altar of Fedhas.
  1894 | D:3      | Reached XP level 5. HP: 31/40 MP: 0/0
  1894 | D:3      | Learned a level 2 spell: Momentum Strike
  2132 | D:3      | Found a transporter.
  2135 | D:3      | Noticed soonmide's ghost (amateur DsGl)
  2169 | D:3      | Found a transporter.
  2431 | D:4      | Noticed a phantom
  2442 | D:4      | Killed a phantom
  2443 | D:4      | Reached XP level 6. HP: 24/48 MP: 0/0
  2834 | D:4      | Noticed a black bear
  2842 | D:4      | Killed a black bear
  2843 | D:4      | Reached skill level 5 in Fighting
  2948 | D:4      | Noticed Tyrantos's ghost (amateur HuMo)
  2949 | D:4      | Found a transporter.
  2956 | D:4      | Reached XP level 7. HP: 25/54 MP: 0/0
  2956 | D:4      | Learned a level 3 spell: Call Canine Familiar
  3363 | D:4      | Found a transporter.
  3473 | D:5      | Entered Level 5 of the Dungeon
  3708 | D:5      | Found a staircase to the Ecumenical Temple.
  3747 | D:5      | Found a sand-covered staircase.
  3769 | Ossuary  | Entered an ossuary
  4302 | Ossuary  | Reached XP level 8. HP: 56/62 MP: 0/0
  4828 | D:5      | Found a broken altar of Ashenzari.
  4882 | D:5      | Found an opulent altar of Gozag.
  5277 | Temple   | Entered the Ecumenical Temple
  5497 | Temple   | Became a worshipper of Makhleb the Destroyer
  5755 | D:6      | Reached skill level 5 in Spellcasting
  5755 | D:6      | Reached skill level 5 in Conjurations
  5755 | D:6      | Reached skill level 5 in Hexes
  5755 | D:6      | Reached skill level 5 in Summonings
  5755 | D:6      | Reached skill level 5 in Necromancy
  5755 | D:6      | Reached skill level 5 in Translocations
  5755 | D:6      | Reached skill level 5 in Transmutations
  5755 | D:6      | Reached skill level 5 in Fire Magic
  5755 | D:6      | Reached skill level 5 in Ice Magic
  5755 | D:6      | Reached skill level 5 in Air Magic
  5755 | D:6      | Reached skill level 5 in Earth Magic
  5755 | D:6      | Reached skill level 5 in Poison Magic
  5755 | D:6      | Reached XP level 9. HP: 46/72 MP: 0/0
  5755 | D:6      | Learned a level 4 spell: Airstrike
  5903 | D:6      | Found Qiquij's Jewellery Shoppe.
  6188 | D:6      | Noticed Sigmund
  6192 | D:6      | Noticed Blork the orc
  6195 | D:6      | Killed Sigmund
  6201 | D:6      | Killed Blork the orc
  6309 | D:6      | Noticed Maggie
  6316 | D:6      | Killed Maggie
  6317 | D:6      | Reached skill level 10 in Fighting
  6436 | D:6      | Reached skill level 1 in Ranged Weapons
  6487 | D:6      | Identified a scroll of acquirement
  6488 | D:6      | Acquired the ring of Beyruyno {rC+ Str+7 Dex-2}
  6498 | D:6      | Found a transporter.
  6500 | D:6      | Found a transporter.
  6530 | D:6      | Noticed a hornet
  6541 | D:6      | Noticed a queen bee
  6541 | D:6      | Noticed Beaer's ghost (novice HOFi)
  6915 | D:7      | Reached XP level 10. HP: 80/80 MP: 0/0
  6946 | D:7      | Reached skill level 1 in Short Blades
  7304 | D:7      | Reached * piety under Makhleb
  7899 | D:7      | Reached skill level 5 in Ranged Weapons
  8074 | D:7      | Noticed Prince Ribbit
  8112 | D:7      | Killed Prince Ribbit
  8438 | D:7      | Found a runed translucent door.
  8439 | D:7      | Noticed Crazy Yiuf
  8490 | D:7      | Killed Crazy Yiuf
  9277 | D:8      | Found a sparkling altar of Nemelex Xobeh.
  9280 | D:8      | Found an iron altar of Okawaru.
  9280 | D:8      | Found a sacrificial altar of Ru.
  9287 | D:8      | Found a hazy altar of Hepliaklqana.
  9373 | D:9      | Noticed Erica
  9382 | D:9      | Noticed a two-headed ogre
  9411 | D:9      | Killed Erica
  9731 | D:9      | Reached ** piety under Makhleb
  9736 | D:9      | Reached XP level 11. HP: 49/85 MP: 0/0
  9736 | D:9      | Learned a level 4 spell: Anguish
  9887 | D:9      | Killed a two-headed ogre
  9888 | D:9      | Reached skill level 5 in Short Blades
  9949 | D:9      | Found Zanaott's Magic Scroll Boutique.
  9954 | D:9      | Bought a scroll of immolation for 44 gold pieces
  9954 | D:9      | Bought a scroll of identify for 22 gold pieces
  9954 | D:9      | Bought a scroll of noise for 11 gold pieces
 10057 | D:9      | Noticed Pikel
 10071 | D:9      | Killed Pikel
 10119 | D:9      | Noticed Harold
 10134 | D:9      | Killed Harold
 10430 | D:9      | Found a glowing silver altar of Zin.
 10822 | D:10     | Entered Level 10 of the Dungeon
 11192 | D:10     | You are sucked into a shaft and drop 2 floors!
 11259 | D:11     | Noticed a red ugly thing
 11822 | D:10     | Identified the amulet "Diygei" {Harm Regen+ Str+3}
 11824 | D:10     | Found a staircase to the Lair.
 11845 | D:10     | Reached *** piety under Makhleb
 12178 | D:10     | Found a staircase to the Orcish Mines.
 12180 | D:10     | Noticed a two-headed ogre
 12185 | D:10     | Killed a two-headed ogre
 12371 | D:11     | Reached XP level 12. HP: 71/91 MP: 0/0
 12762 | D:11     | Reached skill level 10 in Ranged Weapons
 13179 | Orc:1    | Entered Level 1 of the Orcish Mines
 13328 | Orc:1    | Reached **** piety under Makhleb
 13655 | Orc:2    | Entered Level 2 of the Orcish Mines
 14417 | Orc:2    | Found a staircase to the Elven Halls.
 15082 | Orc:2    | Noticed an orc high priest
 15083 | Orc:2    | Noticed an orc high priest
 15085 | Orc:2    | Noticed an orc high priest
 15089 | Orc:2    | Killed an orc high priest
 15095 | Orc:1    | Killed an orc high priest
 15275 | Orc:1    | Mangled by an orc knight

Illustrated notes

Levels and vault maps discovered:
D:1:      roderic_crossed_star, layout_basic, minmay_fountain_box, fountainhead,
          st_stairs_12
D:2:      layout_basic, st_stairs_7
D:3:      layout_basic, cheibriados_altar_1,
          grunt_temple_overflow_growth_and_decay, gammafunk_ghost_stat_death,
          minmay_statues_item, minmay_shallow_snake_nest
D:4:      layout_rooms, gammafunk_ghost_gnarly_gnolls, dk_rats_in_the_wall
D:5:      layout_loops_corners, nicolae_gozag_cash_rules_everything_around_me,
          cheibrodos_ashenzari_chains, minmay_temple_entry_statues,
          nicolae_ossuary_entry_false_entrances
D:6:      layout_cave_pools, gammafunk_ghost_hive, serial_shops, shop,
          uniq_maggie, uniq_sigmund, uniq_blork_the_orc
D:7:      layout_loops_corners, uniq_crazy_yiuf_cottage, uniq_prince_ribbit1
D:8:      layout_rooms, nicolae_overflow_hallway_of_the_gods
D:9:      layout_small_grid, zin_statuary, serial_shops, shop,
          kennysheep_crisscross, uniq_erica, uniq_harold, uniq_pikel
D:10:     layout_gridville, erik_lair_island, orc_0_dummy
D:11:     layout_irregular_city, nrook_guardian_serpent_double
D:12:     layout_roguey [special_room_bee], uniq_nessos
Temple:   grunt_temple_mini_profane
Orc:1:    layout_caves, serial_shops, shop, basic_altar, uniq_fannar
Orc:2:    st_orc_elflike, layout_caves

Skill      XL: |  1  2  3  4  5  6  7  8  9 10 11 12 |
---------------+-------------------------------------+-----
Spellcasting   | 4 5 7 |  7.7
Conjurations   | 4 5 7 |  7.7
Hexes          | 4 5 7 |  7.7
Summonings     | 4 5 7 |  7.7
Necromancy     | 4 5 7 |  7.7
Translocations | 4 5 7 |  7.7
Transmutations | 4 5 7 |  7.7
Fire Magic     | 4 5 7 |  7.7
Ice Magic      | 4 5 7 |  7.7
Air Magic      | 4 5 7 |  7.7
Earth Magic    | 4 5 7 |  7.7
Poison Magic   | 4 5 7 |  7.7
Fighting       | 1 2 3 4 5 6 9 10 | 10.3
Ranged Weapons | 3 6 9 10 | 10.4
Short Blades   | 4 6 7 |  7.5
Dodging        | |  2.1
Stealth        | |  1.5

Action                     |  1- 3 |  4- 6 |  7- 9 | 10-12 || total
---------------------------+-------+-------+-------+-------++-------
  Melee: Staff             |     1 |       |       |       ||     1
         Rapier            |     6 |    21 |   111 |   138 ||   276
         Punch             |       |       |     3 |     7 ||    10
   Fire: Orcbow            |       |       |       |    10 ||    10
   Cast: Sting             |    60 |       |       |       ||    60
         Sandblast         |       |    82 |    88 |       ||   170
         Call Canine Famil |       |       |    15 |    20 ||    35
         Momentum Strike   |       |       |     2 |       ||     2
         Olgreb's Toxic Ra |       |       |    11 |    74 ||    85
         Airstrike         |       |       |    12 |   149 ||   161
         Mephitic Cloud    |       |       |       |     3 ||     3
         Anguish           |       |       |       |     2 ||     2
    Use: Scroll            |       |     4 |    11 |    14 ||    29
         Potion            |       |       |       |     2 ||     2
   Stab: Sleeping          |     1 |       |     1 |     2 ||     4
         Distracted        |       |       |       |     1 ||     1
 Armour: Robe              |     4 |    12 |    51 |       ||    67
         Steam dragon scal |       |       |    10 |    63 ||    73
  Dodge: Dodged            |    18 |    51 |   138 |   152 ||   359

Table legend: (Time is in decaauts)
 A = Elapsed time spent in this place.
 B = Non-inter-level travel time spent in this place.
 C = Inter-level travel time spent in this place.
 D = Time resting spent in this place.
 E = Time spent auto-exploring this place.
 F = Levels seen in this place.
 G = Mean time per level.
                   A        B        C        D        E       F      G
               +--------+--------+--------+--------+--------+-----+--------+
         Total |  15393 |  14683 |    710 |   2450 |  10167 |  16 |  962.1 |
       Dungeon |  12172 |  11555 |    617 |   1314 |   8640 |  12 | 1014.3 |
        Temple |    244 |    197 |     47 |      0 |    192 |   1 |  244.0 |
  Orcish Mines |   1982 |   1937 |     45 |    901 |    886 |   2 |  991.0 |
       Ossuary |    993 |    993 |      0 |    235 |    449 |   1 |  993.0 |
               +--------+--------+--------+--------+--------+-----+--------+

Top non-repeatable levels by time:
     D:7: 1882 daAuts
     D:9: 1320 daAuts
   Orc:2: 1315 daAuts
    D:10: 1289 daAuts
    D:11: 1140 daAuts
     D:4: 1122 daAuts
     D:5: 1075 daAuts
 Ossuary: 993 daAuts
     D:6: 978 daAuts
     D:8: 928 daAuts
     D:2: 834 daAuts
     D:3: 797 daAuts
     D:1: 770 daAuts
   Orc:1: 667 daAuts
  Temple: 244 daAuts
